 Dungeon Crawl Stone Soup version 0.17-a0-1582-ge6b0260 (webtiles) character file.

61 ololoev the Ruffian (level 3, -3/29 HPs)
             Began as a Draconian Transmuter on July 27, 2015.
             Slain by a hobgoblin
             ... wielding a +0 club
              (4 damage)
             ... on level 2 of the Dungeon.
             The game lasted 00:04:23 (1444 turns).

ololoev the Ruffian (Draconian Transmuter)          Turns: 1444, Time: 00:04:23

Health: -3/29      AC:  5    Str: 13    XL:     3   Next: 83%
Magic:  12/15      EV: 12    Int: 13    God:
Gold:   11         SH:  0    Dex: 11    Spells: 2 memorised, 3 levels left

rFire  . . .     SeeInvis .       - Unarmed
rCold  . . .     Clarity  .     (armour unavailable)
rNeg   + . .     SustAt   .     (no shield)
rPois  .         Gourm    .     (helmet restricted)
rElec  .         Spirit   .     (no cloak)
rCorr  .         Warding  .     (no gloves)
rMut   .         Stasis   .     (no boots)
MR     .....                    (no amulet)
Stlth  +.........               m - ring of positive energy
                                k - ring of magical power

@: appendage, not resistant to hostile enchantments, very unstealthy
A: unfitting armour, horns 2, cold-blooded, AC +5
a: End Transformation


Innate Abilities, Weirdness & Mutations

Your plain brown scales are hard (AC +5).
Your body does not fit into most forms of armour.
You are cold-blooded and may be slowed by cold attacks.
You have a pair of horns on your head.

Inventory:

Missiles
 a - 11 arrows
Jewellery
 k - a ring of magical power (left hand)
 m - a ring of positive energy (right hand)
Scrolls
 e - 2 scrolls of remove curse {unknown}
 f - a scroll of blinking {unknown}
 g - 3 scrolls of identify {unknown}
 h - a scroll of magic mapping {unknown}
 j - a scroll of fog {unknown}
 l - a scroll of recharging {unknown}
 n - a scroll of random uselessness {unknown}
Potions
 d - 2 potions of heal wounds {unknown}
Books
 b - a book of Changes

   Spells                             Type                      Level
   a - Beastly Appendage              Transmutation                1
   b - Sticks to Snakes               Transmutation                2
   c - Spider Form                    Transmutation/Poison         3
   d - Ice Form                       Ice/Transmutation            4
   e - Blade Hands                    Transmutation                5
Comestibles
 c - 3 bread rations
 i - a slice of pizza
 o - 2 chunks of flesh


   Skills:
 + Level 2.0 Fighting
 + Level 2.2 Dodging
 * Level 3.2 Unarmed Combat
 + Level 2.4 Spellcasting
 * Level 2.8 Transmutations


You had 3 spell levels left.
You knew the following spells:

 Your Spells              Type           Power        Failure   Level  Hunger
a - Beastly Appendage     Trmt           #.....       10%         1    #......
b - Sticks to Snakes      Trmt           #.........   14%         2    ###....


You were on level 2 of the Dungeon.
You were not hungry.
You had grown temporary horns.
You visited 1 branch of the dungeon, and saw 2 of its levels.

You collected 11 gold pieces.

##### #...#
.g.#####...################
gg.g......)....ggS.......>#
###.####..%#####@##########
#...# #(#...#
#...#####.#.#.#
#...#......(#+####
#...#............#
#####............#
#............#
#.....######## #####.#

Notes
Turn   | Place    | Note
--------------------------------------------------------------
     0 | D:1      | ololoev the Draconian Transmuter began the quest for the Orb.
     0 | D:1      | Reached XP level 1. HP: 16/16 MP: 3/3
     0 | D:1      | Noticed a minotaur
     0 | D:1      | Noticed a minotaur
     0 | D:1      | Noticed a gargoyle
     0 | D:1      | Noticed an ogre
     0 | D:1      | Noticed a draconian
     0 | D:1      | Noticed a troll
     0 | D:1      | Noticed a kraken
     0 | D:1      | Noticed a ghoul
     0 | D:1      | Noticed a vampire
     0 | D:1      | Noticed a vine stalker
     0 | D:1      | Noticed a gargoyle
     0 | D:1      | Noticed a vampire
     3 | D:1      | Killed a gargoyle
     5 | D:1      | Killed an ogre
     6 | D:1      | Killed a minotaur
     7 | D:1      | Killed a gargoyle
     9 | D:1      | Killed a troll
     9 | D:1      | Killed a ghoul
    10 | D:1      | Killed a vine stalker
    12 | D:1      | Killed a vampire
    13 | D:1      | Killed a vampire
    14 | D:1      | Killed a draconian
    20 | D:1      | Killed a minotaur
   534 | D:1      | Reached XP level 2. HP: 21/23 MP: 3/5
  1057 | D:2      | Found a snail-covered altar of Cheibriados.
  1117 | D:2      | Reached XP level 3. HP: 18/28 MP: 6/6
  1369 | D:2      | Learned a level 2 spell: Sticks to Snakes
  1407 | D:2      | Noticed Robin
  1427 | D:2      | Killed Robin
  1443 | D:2      | HP: 1/29 [hobgoblin/club[Robin] (3)]
  1444 | D:2      | Slain by a hobgoblin

Dungeon Overview and Level Annotations

Branches:
Dungeon (2/15)

Altars:
Cheibriados


Message History

Items here: $ ))) [[ †† You closely miss the goblin.
The goblin unwields an uncursed enchanted hunting sling.
The goblin closely misses you. The goblin hits you.
A hobgoblin comes into view. It is wielding a club.
The hobgoblin shouts!
You hit the goblin.
You kill the goblin!
The goblin hits you.
You are too injured to fight recklessly!
You are too injured to fight recklessly!
You are too injured to fight recklessly!
You are too injured to fight recklessly!
You closely miss the goblin.
Your tail-slap misses the goblin.
The goblin barely misses you.
You hit the goblin.
You kill the goblin!
The hobgoblin hits you but does no damage.
Casting: Beastly Appendage
Confirm with . or Enter, or press ? or * to list all spells.
You create a snake!
The hobgoblin hits you but does no damage.
Casting: Sticks to Snakes
Confirm with . or Enter, or press ? or * to list all spells.
You grow a pair of large bovine horns.
You barely miss the hobgoblin. Your headbutt misses the hobgoblin.
Your adder closely misses the hobgoblin.
The hobgoblin hits you.
You hit the hobgoblin. Your headbutt misses the hobgoblin.
You tail-slap the hobgoblin.
You kill the hobgoblin!
You hit the hobgoblin but do no damage. You headbutt the hobgoblin.
The hobgoblin is moderately wounded.
Your adder bites the hobgoblin but does no damage.
The hobgoblin hits you with a club. x2
You closely miss the hobgoblin.
The hobgoblin is moderately wounded.
Your adder bites the hobgoblin but does no damage.
The hobgoblin hits you with a club.
You die...

You could see 2 hobgoblins and a friendly adder.

Vanquished Creatures
  Robin (D:2)
  2 adders (D:2)
  2 giant geckos
  2 bats (D:1)
  2 giant cockroaches (D:1)
  5 hobgoblins (D:2)
  4 kobolds
  8 goblins (D:2)
  2 rats (D:1)
28 creatures vanquished.

Vanquished Creatures (others)
  A ghoul (D:1)
  2 minotaurs (D:1)
  A draconian (D:1)
  2 gargoyles (D:1)
  A vine stalker (D:1)
  A troll (D:1)
  2 vampires (D:1)
  An ogre (D:1)
  An orc (D:1)
  6 tentacles (D:1)
  20 tentacle segments (D:1)
38 creatures vanquished.

Grand Total: 66 creatures vanquished

Action                   || total
-------------------------++-------
Melee: Unarmed           ||    87
 Cast: Beastly Appendage ||    14
       Sticks to Snakes  ||     1
 Stab: Sleeping          ||     1
  Eat: Chunk             ||     2

Vault maps used:
D:1:      nicolae_arrival_kraken_aquarium_a, hangedman_decor_lopped,
          kennysheep_pointless_box
D:2:      lemuel_round_altar, first_bread, uniq_robin
